 Dungeon Crawl Stone Soup version 0.23.2-1-ga50397a6bc (webtiles) character file.

Game seed: 8998242541682590446

34428 GreenRAT the Cruncher (level 13, -5/85 HPs)
             Began as a Gargoyle Monk on May 18, 2019.
             Was the Champion of Qazlal.
             Slain by Jorgrun
             ... wielding a +0 quarterstaff of crushing
              (13 damage)
             ... on level 15 of the Dungeon.
             The game lasted 01:06:36 (13684 turns).

GreenRAT the Cruncher (Gargoyle Monk)              Turns: 13684, Time: 01:06:37

Health: -5/85      AC: 21    Str: 17    XL:     13   Next: 77%
Magic:  13/13      EV: 14    Int: 12    God:    Qazlal [******]
Gold:   362        SH:  8    Dex: 14    Spells: 12/12 levels left

rFire    + . .     SeeInvis .   S - +3 quarterstaff (drain)
rCold    + . .     Gourm    .   (shield currently unavailable)
rNeg     + . .     Faith    .   R - +3 leather armour {rF+}
rPois    ∞         Spirit   .   m - +0 helmet
rElec    +         Reflect  .   q - scarf {repulsion}
rCorr    .         Harm     .   (no gloves)
MR       .....                  (no boots)
Stlth    +.........             l - amulet of regeneration
HPRegen  0.64/turn              x - ring of protection from cold
MPRegen  0.13/turn              E - +1 ring of protection

@: grasped by roots, protected from physical damage, constricted, repel missiles
A: negative energy resistance 1, electricity resistance, unbreathing,
petrification resistance, rot immunity, AC +9
a: Upheaval, Elemental Force, Disaster Area, Renounce Religion


You were on level 15 of the Dungeon.
You worshipped Qazlal.
Qazlal was exalted by your worship.
You were not hungry.

You visited 2 branches of the dungeon, and saw 16 of its levels.

You collected 764 gold pieces.
You spent 402 gold pieces at shops.

Inventory:

Hand Weapons
 p - a +4 long sword of holy wrath
 D - a +0 scimitar of electrocution
 M - a +3 battleaxe
 S - a +3 quarterstaff of draining (weapon)
Armour
 m - a +0 helmet (worn)
 q - a scarf of repulsion (worn)
 G - a +0 robe
 R - a +3 leather armour of fire resistance (worn)
Jewellery
 a - an uncursed amulet of the acrobat {unknown}
 l - an amulet of regeneration (around neck)
 x - a ring of protection from cold (left hand)
 E - a +1 ring of protection (right hand)
 I - a +3 ring of protection
 P - a +2 amulet of reflection
Wands
 B - a wand of iceblast (16)
 J - a wand of random effects (8)
 T - a wand of polymorph (5)
 U - a wand of disintegration (11)
 Y - a wand of acid (5)
 Z - a wand of flame (26)
Scrolls
 n - 12 scrolls of identify
 o - 10 scrolls of teleportation
 r - 4 scrolls of amnesia
 s - 4 scrolls of fear
 t - 2 scrolls of fog
 u - 6 scrolls of remove curse
 v - a scroll of holy word {unknown}
 w - 3 scrolls of noise
 y - a scroll of magic mapping {unknown}
 A - 4 scrolls of random uselessness
 H - a scroll of enchant weapon
 K - 3 scrolls of vulnerability {unknown}
 L - 2 scrolls of enchant armour
 O - a scroll of acquirement {unknown}
 V - 2 scrolls of blinking {unknown}
Potions
 d - 2 potions of lignification
 e - 9 potions of flight
 f - 5 potions of curing {unknown}
 h - 7 potions of degeneration
 i - a potion of cancellation {unknown}
 j - 5 potions of brilliance {unknown}
 k - 3 potions of resistance
 z - 3 potions of heal wounds {unknown}
 C - a potion of haste
 F - a potion of berserk rage {unknown}
 N - a potion of agility {unknown}
 W - 2 potions of ambrosia {unknown}
 X - 3 potions of magic {unknown}
Miscellaneous
 b - a crystal ball of energy
Comestibles
 c - 16 rations


   Skills:
 + Level 11.7 Fighting
 + Level 9.5 Long Blades
   Level 3.7(9.7) Maces & Flails
 + Level 13.4(13.6) Staves
 + Level 4.2 Armour
 + Level 9.2 Dodging
 + Level 4.1 Stealth


You had 12 spell levels left.
You didn't know any spells.
Your spell library contained the following spells:

 Spells                   Type           Power        Failure   Level  Hunger
 Animate Skeleton         Necr           N/A          36%         1    ##.....
 Beastly Appendage        Tmut           #.....       36%         1    ##.....
 Corona                   Hex            #......      36%         1    ##.....
 Pain                     Necr           #...         36%         1    ##.....
 Sting                    Conj/Pois      #...         36%         1    ##.....
 Summon Small Mammal      Summ           #...         36%         1    ##.....
 Call Imp                 Summ           #.......     52%         2    ###....
 Poisonous Vapours        Pois/Air       #.....       52%         2    ###....
 Slow                     Hex            #.......     52%         2    ###....
 Sticks to Snakes         Tmut           #.......     52%         2    ###....
 Call Canine Familiar     Summ           #.......     75%         3    ####...
 Inner Flame              Hex/Fire       #.......     75%         3    ####...
 Mephitic Cloud           Conj/Pois/Air  #.......     75%         3    ####...
 Portal Projectile        Hex/Tloc       #.....       75%         3    ####...
 Regeneration             Chrm/Necr      #.........   75%         3    ####...
 Spider Form              Tmut/Pois      #.........   75%         3    ####...
 Summon Guardian Golem    Hex/Summ       #.......     75%         3    ####...
 Vampiric Draining        Necr           #.........   75%         3    ####...
 Animate Dead             Necr           N/A          98%         4    #####..
 Cause Fear               Hex            #.........   98%         4    #####..
 Ice Form                 Ice/Tmut       #.......     98%         4    #####..
 Leda's Liquefaction      Hex/Erth       #.........   98%         4    #####..
 Olgreb's Toxic Radiance  Pois           #.......     98%         4    #####..
 Summon Ice Beast         Ice/Summ       #.......     98%         4    #####..
 Summon Lightning Spire   Summ/Air       #.......     98%         4    #####..
 Blade Hands              Tmut           #.........   100%        5    ######.
 Bolt of Magma            Conj/Fire/Erth #.........   100%        5    ######.
 Venom Bolt               Conj/Pois      #.........   100%        5    ######.
 Iron Shot                Conj/Erth      #.........   100%        6    #######
 Shatter                  Erth           #.........   100%        9    #######
 Statue Form              Tmut/Erth      Unusable     N/A         6    N/A

Dungeon Overview and Level Annotations

Branches:
Dungeon (15/15)            Temple (1/1) D:6            Lair (0/6) D:11
    Orc (0/2) D:9          Vaults (0/5) D:13         Depths (0/5) D:15

Altars:
Ashenzari
Cheibriados
Dithmenos
Elyvilon
Fedhas
Gozag
Hepliaklqana
Kikubaaqudgha
Makhleb
Nemelex Xobeh
Okawaru
Qazlal
Ru
Sif Muna
Trog
Uskayaw
Vehumet
Wu Jian
Xom
Yredelemnul
Zin
The Shining One

Shops:
D:4 :%?[   D:10 *   D:13 ?   D:14 }

Annotations:
D:12 exclusion: oklob sapling
D:15 Jorgrun


Innate Abilities, Weirdness & Mutations

You are resistant to torment.
Your stone body is resilient. (AC +9)
You are immune to poison.
You resist negative energy. (rN+)
You are resistant to electric shocks. (rElec)
You can survive without breathing.
You are immune to petrification.
You are immune to rotting.


Message History

Jorgrun is heavily wounded.
You thump Jorgrun!
Jorgrun is severely wounded.
Jorgrun splashes around in the water.
The yaktaur captain shoots a bolt.
The bolt hits you!!
* * * LOW HITPOINT WARNING * * *
You hit Jorgrun. You drain Jorgrun.
Jorgrun is severely wounded.
Jorgrun hits you with a +0 quarterstaff of crushing.
* * * LOW HITPOINT WARNING * * *
You feel more protected from physical attacks.
* * * LOW HITPOINT WARNING * * *
The yaktaur captain shoots a bolt.
The bolt is repelled.
You see here a bolt.
You completely miss Jorgrun.
Jorgrun is severely wounded.
Jorgrun casts a spell at you.
Roots burst forth from the earth!
The grasping roots grab you!
You die...

... #......#
#......#.....#......#
#......# ..#........##
#......####.####......
#..........#..>#......
#........#.....#.....#
#..○...☼.#.#...#.....#
####..°Z....#..#.#(#.#..+
......§g@...#.....#.[...#
###..°≈§...#####.#.....#
+.≈○≈†°§....c).#.....#
#.≈≈.................#
.....≈≈8.8..)..####......
.....≈≈........# ......
..#...≈8.8....## ..#### #
#......###### .#
........# #o


You could see Jorgrun, a yaktaur captain and a centaur warrior skeleton.

Vanquished Creatures
  Josephine (D:10)
  2 ogre magi (D:15)
  3 vault guards (D:13)
  2 hydras
  2 centaur warriors
  4 two-headed ogres
  A tengu warrior (D:15)
  A hell knight (D:15)
  A wizard (D:13)
  2 orc knights (D:13)
  A deep elf mage (D:14)
  An oklob plant (D:11)
  5 ugly things
  2 cyclopes
  Maurice (D:8)
  Joseph (D:8)
  Psyche (D:10)
  2 centaur skeletons
  2 gargoyles (D:12)
  A freezing wraith (D:15)
  A tengu conjurer (D:13)
  A yaktaur (D:13)
  A komodo dragon (D:15)
  3 trolls
  Prince Ribbit (D:7)
  2 hornets (D:12)
  Grinder (D:4)
  5 hippogriffs
  A shadow (D:15)
  17 yaks
  3 wyverns
  4 wraiths (D:10)
  A basilisk (D:14)
  2 hungry ghosts
  2 water moccasins (D:12)
  3 porcupines (D:11)
  4 sky beasts
  6 ice beasts
  2 black bears
  10 orc warriors
  A hornet zombie (D:13)
  6 ogres
  6 phantoms
  13 centaurs
  2 crocodiles
  8 bullfrogs
  3 big kobolds
  A wyvern zombie (D:7)
  4 scorpions
  A wyvern skeleton (D:14)
  2 troll zombies (D:9)
  6 killer bees (D:12)
  21 wights
  6 crimson imps
  3 bullfrog zombies
  8 hounds
  3 centaur zombies
  5 jellies
  9 orc priests
  2 bullfrog skeletons
  A gnoll shaman (D:10)
  9 orc wizards
  5 iguanas
  11 worker ants
  6 ogre zombies (D:9)
  2 hound skeletons
  A howler monkey zombie (D:6)
  2 worker ant zombies
  8 gnolls
  A howler monkey skeleton (D:11)
  14 adders
  3 shadow imps
  An ooze (D:1)
  An adder skeleton (D:4)
  An adder zombie (D:7)
  2 worms
  A dart slug (D:1)
  5 leopard geckos
  46 orcs
  3 giant cockroaches
  9 goblins
  6 hobgoblins
  9 jackals
  16 kobolds
  5 quokkas
  6 ball pythons (D:12)
  7 bats
  5 frilled lizards
  2 goblin skeletons (D:9)
  3 goblin zombies (D:9)
  A hobgoblin skeleton (D:9)
  7 hobgoblin zombies (D:9)
  A leopard gecko skeleton (D:6)
  A leopard gecko zombie (D:8)
  2 orc skeletons (D:9)
  10 orc zombies (D:9)
  5 rats
  A fungus (D:11)
  2 plants (D:12)
437 creatures vanquished.

Vanquished Creatures (others)
  A bullfrog (D:11)
  An orc (D:11)
  10 fungi (D:11)
  3 plants (D:12)
15 creatures vanquished.

Grand Total: 452 creatures vanquished

Notes
Turn   | Place    | Note
-------+----------+-------------------------------------------
     0 | D:1      | GreenRAT the Gargoyle Monk began the quest for the Orb.
     0 | D:1      | Reached XP level 1. HP: 14/14 MP: 1/1
     6 | D:1      | Noticed a swamp worm
     6 | D:1      | Noticed a salamander
     7 | D:1      | Noticed a black bear
     7 | D:1      | Noticed a wolf
    89 | D:1      | Reached XP level 2. HP: 19/19 MP: 2/2
   835 | D:1      | Reached XP level 3. HP: 23/23 MP: 3/3
  1039 | D:2      | Found a faded altar of an unknown god.
  1050 | D:2      | Became a worshipper of Qazlal Stormbringer
  1050 | D:2      | Reached * piety under Qazlal
  1050 | D:2      | Reached ** piety under Qazlal
  1065 | D:2      | Found an opulent altar of Gozag.
  1123 | D:2      | Reached *** piety under Qazlal
  1123 | D:2      | Reached XP level 4. HP: 15/29 MP: 4/4
  1748 | D:2      | Reached skill level 1 in Long Blades
  2649 | D:4      | Reached XP level 5. HP: 29/33 MP: 5/5
  2836 | D:4      | Reached **** piety under Qazlal
  2871 | D:4      | Found Kadupput's Armour Shoppe.
  2874 | D:4      | Bought a +0 robe for 9 gold pieces
  2874 | D:4      | Bought a +0 cloak for 63 gold pieces
  2874 | D:4      | Bought a +0 helmet for 63 gold pieces
  3058 | D:4      | Noticed an ogre
  3064 | D:4      | Killed an ogre
  3064 | D:4      | Reached XP level 6. HP: 22/39 MP: 6/6
  3149 | D:4      | Found Loagaazu's Food Boutique.
  3224 | D:4      | Found Tyturokh's Magic Scroll Emporium.
  3276 | D:4      | Noticed Grinder
  3279 | D:4      | Paralysed by Grinder for 6 turns
  3281 | D:4      | Killed Grinder
  3281 | D:4      | Reached XP level 7. HP: 44/44 MP: 7/7
  3318 | D:4      | Found Iskulaci's Book Shop.
  3412 | D:5      | Entered Level 5 of the Dungeon
  3558 | D:5      | Found a sparkling altar of Nemelex Xobeh.
  3669 | D:5      | Reached skill level 5 in Fighting
  3745 | D:5      | Reached skill level 5 in Long Blades
  4046 | D:6      | Found a burning altar of Makhleb.
  4046 | D:6      | Found a snail-covered altar of Cheibriados.
  4046 | D:6      | Found a white marble altar of Elyvilon.
  4047 | D:6      | Found an ancient bone altar of Kikubaaqudgha.
  4048 | D:6      | Found a shadowy altar of Dithmenos.
  4048 | D:6      | Found a glowing silver altar of Zin.
  4048 | D:6      | Found a hazy altar of Hepliaklqana.
  4049 | D:6      | Found a shimmering altar of Xom.
  4109 | D:6      | Reached XP level 8. HP: 43/49 MP: 8/8
  4116 | D:6      | Found a hide-covered altar of Uskayaw.
  4374 | D:6      | Found a staircase to the Ecumenical Temple.
  4395 | Temple   | Entered the Ecumenical Temple
  4640 | D:6      | Found a glowing drain.
  5104 | D:7      | Noticed Prince Ribbit
  5117 | D:7      | Killed Prince Ribbit
  5148 | D:7      | Reached XP level 9. HP: 55/55 MP: 9/9
  5156 | D:7      | Reached skill level 5 in Dodging
  5245 | D:7      | Reached ***** piety under Qazlal
  5818 | D:7      | Found an iron altar of Okawaru.
  5911 | D:8      | Noticed Joseph
  5944 | D:8      | Killed Joseph
  6032 | D:8      | Noticed Maurice
  6039 | D:8      | Killed Maurice
  6161 | D:8      | Reached XP level 10. HP: 63/63 MP: 10/10
  6239 | D:8      | Reached skill level 1 in Staves
  6923 | D:9      | Reached skill level 2 in Staves
  7036 | D:9      | Reached skill level 3 in Staves
  7122 | D:9      | Reached skill level 4 in Staves
  7201 | D:9      | Found a staircase to the Orcish Mines.
  8123 | D:10     | Entered Level 10 of the Dungeon
  8137 | D:10     | Noticed Josephine
  8162 | D:10     | Killed Josephine
  8162 | D:10     | Reached skill level 5 in Staves
  8175 | D:10     | Reached XP level 11. HP: 42/69 MP: 11/11
  8192 | D:10     | Reached skill level 6 in Staves
  8209 | D:10     | Reached ****** piety under Qazlal
  8276 | D:10     | Found Kuadyimy's General Store.
  8281 | D:10     | Bought a scarf of repulsion for 120 gold pieces
  8281 | D:10     | Bought a ration for 50 gold pieces
  8328 | D:10     | Noticed Psyche
  8340 | D:10     | Killed Psyche
  8569 | D:10     | Reached skill level 7 in Staves
  9242 | D:11     | Noticed a centaur warrior
  9253 | D:11     | Killed a centaur warrior
  9253 | D:11     | Reached skill level 8 in Staves
  9280 | D:11     | Found a staircase to the Lair.
  9395 | D:11     | Reached skill level 9 in Staves
  9583 | D:11     | Noticed an oklob plant
  9584 | D:11     | Found a basalt altar of Yredelemnul.
  9594 | D:11     | Killed an oklob plant
  9628 | D:11     | Noticed a green ugly thing
  9639 | D:11     | Killed a green ugly thing
  9704 | D:11     | Reached XP level 12. HP: 72/76 MP: 12/12
  9789 | D:11     | Reached skill level 10 in Staves
 10138 | D:12     | Noticed a two-headed ogre
 10215 | D:12     | Noticed a four-headed hydra
 10218 | D:12     | Killed a two-headed ogre
 10239 | D:11     | Killed a four-headed hydra
 10441 | D:12     | Reached skill level 10 in Fighting
 10498 | D:12     | Reached skill level 11 in Staves
 11346 | D:13     | Found Hietull's Magic Scroll Shoppe.
 11436 | D:13     | Bought a scroll of enchant armour for 97 gold pieces
 11469 | D:13     | Reached skill level 1 in Armour
 11475 | D:13     | Noticed a vault guard
 11487 | D:13     | Noticed a vault guard
 11518 | D:13     | Killed a vault guard
 11519 | D:13     | Noticed a vault guard
 11537 | D:13     | Killed a vault guard
 11550 | D:13     | Paralysed by a wizard for 2 turns
 11556 | D:13     | Reached skill level 12 in Staves
 11856 | D:13     | Killed a vault guard
 11856 | D:13     | Reached XP level 13. HP: 71/84 MP: 13/13
 12271 | D:13     | Found a gate to the Vaults.
 12957 | D:14     | Found Efuarghi's Gadget Emporium.
 13203 | D:15     | Entered Level 15 of the Dungeon
 13250 | D:15     | Reached skill level 13 in Staves
 13473 | D:15     | Noticed an ogre mage
 13491 | D:15     | Killed an ogre mage
 13620 | D:15     | Found a staircase to the Depths.
 13666 | D:15     | Noticed Jorgrun
 13677 | D:15     | Noticed a yaktaur captain
 13684 | D:15     | Slain by Jorgrun

Skill      XL: |  1  2  3  4  5  6  7  8  9 10 11 12 13 |
---------------+----------------------------------------+-----
Dodging        | 3 4 5 6 7 8 9 |  9.2
Long Blades    | 1 3 5 7 9 |  9.5
Fighting       | 4 5 6 7 8 9 10 11 | 11.7
Stealth        | 3 4 |  4.1
Staves         | 5 9 12 13 | 13.4
Armour         | 2 4 |  4.2
Maces & Flails | |  3.7

Action                   |  1- 3 |  4- 6 |  7- 9 | 10-12 | 13-15 || total
-------------------------+-------+-------+-------+-------+-------++-------
Melee: Mace              |    63 |       |       |       |       ||    63
       Long sword        |    33 |   104 |   254 |       |       ||   391
       Quarterstaff      |       |       |    15 |   988 |   309 ||  1312
       Unarmed           |       |       |     3 |       |       ||     3
  Use: Potion            |     1 |       |       |       |     2 ||     3
       Scroll            |       |     6 |     1 |     5 |     4 ||    16
 Stab: Sleeping          |     2 |       |       |       |       ||     2
  Eat: Ration            |       |     2 |     3 |     8 |     1 ||    14
       Chunk             |       |       |     2 |     1 |     3 ||     6
Armor: Robe              |    35 |    46 |    59 |   196 |       ||   336
       Leather armour    |       |       |       |    70 |    58 ||   128
       Skin              |       |       |       |       |    28 ||    28
Dodge: Dodged            |    87 |    79 |   140 |   580 |   141 ||  1027
       Deflected         |       |       |     4 |    12 |     5 ||    21
Block: Other             |     3 |    24 |    62 |   371 |    80 ||   540
       Rpst.: Long sword |     7 |    22 |    37 |       |       ||    66
